 Dungeon Crawl Stone Soup version 0.22.0-32-gbc6daba (webtiles) character file.

44 smcx the Vandal (level 3, -1/30 HPs)
             Began as a Centaur Hunter on Aug 23, 2018.
             Slain by Sigmund
             ... wielding a +3 scythe of venom
              (11 damage)
             ... on level 2 of the Dungeon.
             The game lasted 00:07:08 (1744 turns).

smcx the Vandal (Centaur Hunter)                    Turns: 1744, Time: 00:07:09

Health: -1/30      AC:  5    Str: 14    XL:     3   Next: 39%
Magic:  3/3        EV:  9    Int: 12    God:
Gold:   30         SH:  0    Dex: 10    Spells: 2/2 levels left

rFire    + . .     SeeInvis .   a - +1 hunting sling
rCold    . . .     Gourm    .   (no shield)
rNeg     . . .     Faith    .   c - +0 leather armour
rPois    .         Spirit   .   (no helmet)
rElec    .         Reflect  .   (no cloak)
rCorr    .         Harm     .   m - +0 pair of gloves
MR       .....                  (no barding)
Stlth    ..........             (no amulet)
HPRegen  0.10/turn              j - +2 ring of intelligence
MPRegen  0.08/turn              l - ring of protection from fire

@: confused, lethally poisoned (-1 -> -13), very quick
A: large, hooves 3, deformed body, speed 2, tough skin 3
a: no special abilities


You were on level 2 of the Dungeon.
You were very hungry.

You visited 1 branch of the dungeon, and saw 3 of its levels.

You collected 30 gold pieces.

Inventory:

Hand Weapons
 a - a +1 hunting sling (weapon)
 b - a +0 short sword
Missiles
 d - 7 sling bullets (quivered)
Armour
 c - a +0 leather armour (worn)
 g - a +0 robe
 m - a +0 pair of gloves (worn)
Jewellery
 j - a +2 ring of intelligence (left hand)
 l - a ring of protection from fire (right hand)
Wands
 n - a wand of iceblast (6)
Scrolls
 e - a scroll of identify {unknown}
 i - a scroll of enchant armour {unknown}
 k - 2 scrolls of teleportation {unknown}
 q - a scroll of fog {unknown}
Comestibles
 f - 3 rations
 h - a chunk of flesh


   Skills:
 + Level 2.5 Fighting
 * Level 5.1 Slings
 + Level 1.8 Dodging
 - Level 0.4 Stealth


You had 2 spell levels left.
You didn't know any spells.
Your spell library was empty.

Dungeon Overview and Level Annotations

Branches:
Dungeon (3/15)

Altars:

Annotations:
D:2 Sigmund


Innate Abilities, Weirdness & Mutations

You have hooves in place of feet.
Armour fits poorly on your strangely shaped body.
You cover ground very quickly.
You have extremely tough skin. (AC +3)


Message History

Press: ? - help, Shift-Dir - straight line, f/p - Sigmund
Aim: Sigmund, wielding a scythe of venom and wearing an embroidered robe (almost dead)
You shoot a sling bullet.
You feel sick. Sigmund hits you but does no damage.
You are lethally poisoned!
Firing (i - inventory)
d - 10 sling bullets (quivered)
Press: ? - help, Shift-Dir - straight line, f/p - Sigmund
Aim: Sigmund, wielding a scythe of venom and wearing an embroidered robe (almost dead)
You shoot a sling bullet.
You feel sick.
Firing (i - inventory)
d - 9 sling bullets (quivered)
Press: ? - help, Shift-Dir - straight line, f/p - Sigmund
Aim: Sigmund, wielding a scythe of venom and wearing an embroidered robe (almost dead)
You shoot a sling bullet.
You feel sick.
Sigmund points at you and mumbles some strange words.
You resist with significant effort.
Firing (i - inventory)
d - 8 sling bullets (quivered)
Press: ? - help, Shift-Dir - straight line, f/p - Sigmund
Aim: Sigmund, wielding a scythe of venom and wearing an embroidered robe (almost dead)
You shoot a sling bullet.
You feel sick.
Sigmund hits you from afar with a scythe of venom!
You die...

...##..###...(..(.(#......
#.....(.(......####!.....
#............## ....#..#
#...........(##..##.#...
#....(.........# #.#...
#####.....>.(...####
#.#... #.........@.((....#
##.# .
#.###.#.........#......(
### #.#.(.@.....##...(.(
#....##(........(((.(.(
##.#####................
#. #.......#######.#.
###.#####..#..#.###
#...................
#............#.#.###
#......(...#.#...
#...)........#.###


You could see Sigmund.

Vanquished Creatures
  An adder (D:2)
  An ooze (D:2)
  3 leopard geckos
  2 giant cockroaches
  5 goblins
  5 hobgoblins
  A quokka (D:2)
  2 bats
  A frilled lizard (D:1)
  5 rats
26 creatures vanquished.

Notes
Turn   | Place    | Note
-------+----------+-------------------------------------------
     0 | D:1      | smcx the Centaur Hunter began the quest for the Orb.
     0 | D:1      | Reached XP level 1. HP: 17/17 MP: 1/1
   184 | D:1      | Reached XP level 2. HP: 24/24 MP: 2/2
   595 | D:2      | Noticed Sigmund
   954 | D:2      | Reached skill level 5 in Slings
  1098 | D:2      | Reached XP level 3. HP: 30/30 MP: 3/3
  1599 | D:2      | You fall through a shaft!
  1744 | D:2      | Slain by Sigmund

Skill      XL: |  1  2 |
---------------+-------+-----
Slings         | 5 |  5.1
Fighting       | |  2.5
Dodging        | |  1.8
Stealth        | |  0.4

Action                   || total
-------------------------++-------
 Fire: Hunting sling     ||   122
  Use: Potion            ||     2
Armor: Leather armour    ||     9
Dodge: Dodged            ||    21
